 Dungeon Crawl Stone Soup version 0.17-a0-2058-g8b0eb12 (webtiles) character file.

942 Herrn the Shield-Bearer (level 8, -5/61 HPs)
             Began as a Formicid Fighter on Oct 12, 2015.
             Slain by Pikel
             ... wielding a +1 whip of electrocution
              (18 damage)
             ... on level 5 of the Dungeon.
             The game lasted 00:14:00 (5229 turns).

Herrn the Shield-Bearer (Formicid Fighter)          Turns: 5229, Time: 00:14:00

Health: -5/61      AC: 12    Str: 24    XL:     8   Next: 34%
Magic:  8/8        EV: 13    Int:  7    God:
Gold:   242        SH: 10    Dex: 10    Spells: 0 memorised, 7 levels left

rFire  . . .     SeeInvis +     a - +0 war axe
rCold  . . .     Clarity  .     b - +0 scale mail
rNeg   . . .     SustAt   .     c - +0 shield
rPois  .         Gourm    .     (helmet unavailable)
rElec  .         Spirit   .     d - +2 cloak {+Inv}
rCorr  .         Warding  .     (no gloves)
rMut   +         Stasis   +     B - +0 pair of boots
MR     .....                    q - amulet of resist mutation
Stlth  ..........               v - +3 ring of evasion
                                p - ring of flight

@: not resistant to hostile enchantments, extremely unstealthy
A: permanent stasis, dig shafts and tunnels, four strong arms, antennae 3
a: Dig, Shaft Self, Evoke Invisibility, Evoke Flight


You were on level 5 of the Dungeon.
You were not hungry.

You visited 1 branch of the dungeon, and saw 5 of its levels.

You collected 242 gold pieces.

Inventory:

Hand Weapons
 a - a +0 war axe (weapon)
Armour
 b - a +0 scale mail (worn)
 c - a +0 shield (worn)
 d - a +2 cloak of invisibility (worn)
 B - a +0 pair of boots (worn)
Jewellery
 p - a ring of flight (left hand)
 q - an amulet of resist mutation (around neck)
 v - a +3 ring of evasion (right hand)
Wands
 D - a wand of magic darts (23)
Scrolls
 f - a scroll of random uselessness {unknown}
 g - 3 scrolls of remove curse {unknown}
 h - 3 scrolls of identify
 k - 2 scrolls of noise {unknown}
 n - a scroll of blinking {unknown}
 w - 2 scrolls of enchant armour {unknown}
 y - a scroll of fog {unknown}
 A - a scroll of teleportation {unknown}
Potions
 i - 2 potions of curing
 j - a potion of magic
 m - 2 potions of degeneration
 o - a potion of flight
 r - a potion of poison
 x - 3 potions of heal wounds
 z - a potion of haste {unknown}
 C - a potion of lignification {unknown}
Comestibles
 e - 3 bread rations
 l - 2 beef jerkies
 s - a slice of pizza
 t - 2 meat rations
 E - a chunk of flesh


   Skills:
 + Level 4.9 Fighting
 * Level 5.4 Axes
 + Level 5.6 Armour
 + Level 2.7 Dodging
 + Level 5.9 Shields


You had 7 spell levels left.
You didn't know any spells.

Dungeon Overview and Level Annotations

Branches:
Dungeon (5/15)
 Temple: D:4-7

Altars:

Annotations:
D:5 Pikel


Innate Abilities, Weirdness & Mutations

You are under a permanent stasis effect.
You can dig through walls and to a lower floor.
Your four strong arms can wield two-handed weapons with a shield.
You have a pair of large antennae on your head (SInv).


Message History

Pikel is lightly wounded.
Pikel hits you with a whip of electrocution.
You are electrocuted!
You hit Pikel but do no damage.
Pikel is lightly wounded.
You block Pikel's attack. x2
You barely miss Pikel.
Pikel is lightly wounded.
You block Pikel's attack.
You slash Pikel!
Pikel is moderately wounded.
Pikel hits you but does no damage.
You closely miss Pikel.
Pikel is moderately wounded.
Pikel hits you but does no damage.
You are electrocuted!
* * * LOW HITPOINT WARNING * * *
You barely miss Pikel.
Pikel is moderately wounded.
Pikel hits you but does no damage.
You are electrocuted!
You die...

.............##
############..# ##....#
##.## ##....#######..#
##....#........##
##..).#.........######..
.'....'............<....
##....#..........###.###
#....#........#@#
#....#........#K#
#....##########p##
#......########p.#
##.†..........p#.#
#.............#.#
#.............#[## #
#.............#..#.##
###.................#


You could see Pikel and 3 slaves.

Vanquished Creatures
  A slave (D:5)
  Duvessa (D:4)
  A phantom (D:5)
  2 ogres
  A scorpion (D:4)
  Dowan (D:4)
  2 giant frog zombies (D:5)
  2 hounds
  Crazy Yiuf (D:4)
  A jelly (D:5)
  Natasha (thrice) (D:2)
  An orc wizard (D:4)
  Robin (D:3)
  9 adders
  An ooze (D:1)
  An adder zombie (D:1)
  5 worms
  3 giant geckos
  11 orcs
  8 bats
  A bat zombie (D:1)
  15 goblins
  11 hobgoblins
  4 jackals
  A quokka (D:4)
  2 ball pythons
  9 giant cockroaches
  9 giant newts
  A jackal skeleton (D:4)
  14 kobolds
  13 rats
136 creatures vanquished.

Notes
Turn   | Place    | Note
--------------------------------------------------------------
     0 | D:1      | Herrn the Formicid Fighter began the quest for the Orb.
     0 | D:1      | Reached XP level 1. HP: 18/18 MP: 1/1
   329 | D:1      | Reached XP level 2. HP: 24/24 MP: 2/2
   528 | D:1      | Reached skill level 4 in Shields
   642 | D:1      | Reached XP level 3. HP: 29/29 MP: 3/3
  1283 | D:2      | Noticed Natasha
  1294 | D:2      | Killed Natasha
  1294 | D:2      | Reached XP level 4. HP: 13/37 MP: 4/4
  1509 | D:2      | Noticed Natasha
  1522 | D:2      | Killed Natasha
  1633 | D:2      | Noticed Natasha
  1638 | D:2      | Killed Natasha
  1648 | D:2      | Reached skill level 1 in Dodging
  1811 | D:2      | Found a faded altar to an unknown god.
  1951 | D:2      | Reached XP level 5. HP: 30/42 MP: 5/5
  2753 | D:3      | Noticed Robin
  2772 | D:3      | Reached XP level 6. HP: 44/48 MP: 6/6
  2780 | D:3      | Killed Robin
  3413 | D:4      | Noticed Dowan
  3431 | D:4      | Killed Dowan
  3433 | D:4      | Noticed Duvessa
  3449 | D:4      | Killed Duvessa
  3449 | D:4      | Reached skill level 5 in Shields
  3449 | D:4      | Reached XP level 7. HP: 20/54 MP: 7/7
  3704 | D:4      | Noticed Crazy Yiuf
  3714 | D:4      | Killed Crazy Yiuf
  4034 | D:4      | Reached skill level 5 in Armour
  4971 | D:5      | Entered Level 5 of the Dungeon
  5050 | D:5      | Reached XP level 8. HP: 61/61 MP: 8/8
  5061 | D:5      | Reached skill level 5 in Axes
  5196 | D:5      | Noticed Pikel
  5229 | D:5      | Slain by Pikel

Vault maps used:
D:1:      saegor_arrival_fortress, hangedman_decor_diamond_cutter
D:2:      kennysheep_six_static_rooms, ecumenical_altar_1,
          kennysheep_generic_room_3, uniq_natasha
D:3:      first_bread, uniq_robin
D:4:      minmay_misc_feat_rows, minmay_crossroads, uniq_duvessa,
          uniq_crazy_yiuf_cottage
D:5:      lemuel_upstairs_altar, uniq_pikel

Action                   |  1- 3 |  4- 6 |  7- 9 || total
-------------------------+-------+-------+-------++-------
Melee: War axe           |   102 |   237 |   183 ||   522
 Abil: Dig               |     2 |     4 |     1 ||     7
  Use: Potion            |       |     1 |     2 ||     3
       Scroll            |       |       |     5 ||     5
  Eat: Chunk             |       |     9 |     5 ||    14
       Bread ration      |       |       |     1 ||     1
